 Dungeon Crawl Stone Soup version 0.30.2 (webtiles) character file.

Game seed: 17619376201367508290

38 porpoise the Caller (level 3, 0/19 HPs)
             Began as a Tengu Summoner on Feb 9, 2024.
             Slain by an adder (4 damage)
             ... on level 2 of the Dungeon.
             The game lasted 00:04:27 (1080 turns).

porpoise the Caller (Tengu Summoner)                Turns: 1080, Time: 00:04:28

Health: 0/19       AC:  2    Str:  8    XL:     3   Next: 43%
Magic:  4/8        EV: 12    Int: 17    God:
Gold:   61         SH:  0    Dex: 14    Spells: 4/7 levels left

rFire   . . .        a - +0 short sword
rCold   . . .        (no shield)
rNeg    . . .        d - +0 robe
rPois   .            (helmet restricted)
rElec   .            (no cloak)
rCorr   .            (no gloves)
SInv    .            (boots unavailable)
Will    .....        (no amulet)
Stlth   ++           (no ring)
HPRegen 0.23/turn    (no ring)
MPRegen 0.11/turn

%: no passive effects
@: lethally poisoned (0 -> -5)
A: beak, talons 3
a: no special abilities


You were on level 2 of the Dungeon.
You visited 1 branch of the dungeon, and saw 2 of its levels.

You collected 61 gold pieces.

Inventory:

Hand Weapons
 a - a +0 short sword (weapon)
 b - a +0 sling
Armour
 d - a +0 robe (worn)
Scrolls
 c - a scroll of enchant armour {unknown}
 f - a scroll of teleportation {unknown}
 i - a scroll of fog {unknown}
Potions
 e - a potion of curing {unknown}
 g - a potion of brilliance {unknown}
 h - a potion of magic
 j - a potion of heal wounds {unknown}


   Skills:
 - Level 2.1 Dodging
 + Level 2.4 Stealth
 * Level 2.6 Spellcasting
 * Level 5.4 Summonings


You had 4 spell levels left.
You knew the following spells:

 Your Spells              Type           Power      Damage    Failure   Level
a - Summon Small Mammal   Summ           80%        N/A       1%          1
b - Call Imp              Summ           40%        N/A       3%          2

Your spell library contained the following spells:

 Spells                   Type           Power      Damage    Failure   Level
 Call Canine Familiar     Summ           20%        N/A       6%          3
 Summon Guardian Golem    Hex/Summ       11%        N/A       19%         3
 Lesser Beckoning         Tloc           4%         N/A       26%         2
 Gell's Gravitas          Tloc           2%         N/A       47%         3
 Teleport Other           Tloc           2%         N/A       47%         3
 Summon Lightning Spire   Summ/Air       11%        N/A       52%         4


Dungeon Overview and Level Annotations

Branches:
Dungeon (2/15)

Altars:


Innate Abilities, Weirdness & Mutations

You have a beak for a mouth.
You have claws for feet.


Message History

Found 3 stones.
Your quokka misses the adder. The adder bites your quokka.
Your quokka dies!
Your quokka's corpse disappears in a puff of smoke!
Your bat closely misses the adder.
The adder barely misses your bat.
Casting: Summon Small Mammal (safe; 1% risk of failure)
Confirm with . or Enter, or press ? or * to list all spells.
The adder completely misses your bat.
Your bat misses the adder. The adder bites your bat.
Your bat is poisoned.
The adder poisons your bat!
Your bat misses the adder.
Your bat dies!
Your bat's corpse disappears in a puff of smoke!
Your bat hits the adder.
Casting: Summon Small Mammal (safe; 1% risk of failure)
Confirm with . or Enter, or press ? or * to list all spells.
Your bat barely misses the adder.
The adder misses you.
Your bat barely misses the adder.
You hit the adder but do no damage.
The adder is lightly wounded.
Your bat barely misses the adder.
The adder bites you.
You are poisoned.
The adder poisons you! The adder barely misses you.
Your bat barely misses the adder.
You closely miss the adder.
You feel sick.
Your bat closely misses the adder.
The adder bites you.
Your rat completely misses the adder.
You miss the adder.
You feel sick.
Your bat misses the adder. The adder bites you.
Your rat bites the adder.
You miss the adder.
The adder is lightly wounded.
You feel sick. The adder bites you.
Your bat hits the adder. The adder bites you.
You are lethally poisoned!
The adder poisons you!
Your rat bites the adder.
Casting: Summon Small Mammal (safe; 1% risk of failure)
Confirm with . or Enter, or press ? or * to list all spells.
* * * LOW HITPOINT WARNING * * *
You feel sick.
Your bat disappears in a puff of smoke!
The adder bites you.
You die...

.# .# # .. .#. .## .#.
.. .. # ~~ # #. .#.# ..
~♣.# ##.###.##.#.##..#
P♣.# .......rS...(...#
#### ~♣. .>....r.@.#
#.#♣..P♣.. ~.#####
......§...# #....~~~.P
~.<...#
.....##.#######PP..~♣~~~
......#
..............♣..~~~~~~~
......#
.....##.######...~~~~♣
......# ####
#......P...~~♣♣♣..
......#
#####..P....~.P..P
......# #.....♣..P..♣#
......#### #.###########


You could see an adder (ally target) and 2 friendly rats.

Vanquished Creatures
  An adder (D:2)
  2 goblins (D:1)
  A hobgoblin (D:1)
  A quokka (D:1)
  A ball python (D:1)
  A bat (D:2)
  2 kobolds (D:1)
9 creatures vanquished.

Vanquished Creatures (collateral kills)
  A worm (D:2)
  A dart slug (D:1)
  An endoplasm (D:1)
  A giant cockroach (D:1)
  A hobgoblin (D:1)
  A quokka (D:1)
  2 ball pythons
  A frilled lizard (D:1)
  2 kobolds (D:1)
  6 rats (D:1)
17 creatures vanquished.

Grand Total: 26 creatures vanquished

Notes
Turn   | Place    | Note
-------+----------+-------------------------------------------
     0 | D:1      | porpoise the Tengu Summoner began the quest for the Orb.
     0 | D:1      | Reached XP level 1. HP: 10/10 MP: 4/4
   358 | D:1      | Reached skill level 5 in Summonings
   362 | D:1      | Reached XP level 2. HP: 15/15 MP: 0/6
   438 | D:1      | Learned a level 2 spell: Call Imp
   632 | D:1      | Reached XP level 3. HP: 19/19 MP: 3/7
  1080 | D:2      | Slain by an adder

Illustrated notes

Levels and vault maps discovered:
D:1:      sevenhm_arrival_forest_fort_small_4, layout_basic
D:2:      layout_basic, dreamdust_ecumenical_altar_grove, serial_bayou,
          serial_bayou_ford_a, serial_bayou_pond_b, serial_bayou_pond_a,
          serial_bayou_pond_a, minmay_diced_spiral, uniq_sigmund, uniq_jessica

Skill      XL: |  1 |
---------------+----+-----
Summonings     | 5 |  5.4
Dodging        | |  2.1
Stealth        | |  2.4
Spellcasting   | |  2.6

Action                     || total
---------------------------++-------
  Melee: Unarmed           ||     9
         Dagger            ||    14
         Kick              ||     6
         Peck              ||     5
         Short sword       ||    10
         Punch             ||     1
   Cast: Summon Small Mamm ||    32
         Call Imp          ||     3
 Armour: Robe              ||     5
  Dodge: Dodged            ||    22
